 Dungeon Crawl Stone Soup version 0.29-b1-12-g9e2288ab2a (webtiles) character file.

Game seed: 15107612468401519428

151 themarg the Insei (level 5, 0/41 HPs)
             Began as a Gnoll Transmuter on Aug 24, 2022.
             Slain by a yak (17 damage)
             ... on level 6 of the Dungeon.
             The game lasted 00:08:21 (2394 turns).

themarg the Insei (Gnoll Transmuter)                Turns: 2394, Time: 00:08:21

Health: 0/41       AC:  2    Str:  9    XL:     5   Next: 33%
Magic:  10/12      EV: 22    Int: 14    God:
Gold:   177        SH:  0    Dex: 18    Spells: 8/14 levels left

rFire   . . .      SeeInvis .     - Unarmed
rCold   . . .      Faith    .   (shield currently unavailable)
rNeg    . . .      Spirit   .   (body armour currently unavailable)
rPois   x          Reflect  .   (helmet currently unavailable)
rElec   .          Harm     .   (cloak currently unavailable)
rCorr   .          Rampage  .   (gloves currently unavailable)
Will    .....                   (boots currently unavailable)
Stlth   ++........              (no amulet)
HPRegen 0.13/turn               (no ring)
MPRegen 0.13/turn               (no ring)

@: spider-form (expiring)
A: venomous fangs, tiny, (fangs 1), strong nose, distributed training
a: End Transformation


You were on level 6 of the Dungeon.
You were a venomous arachnid creature.
You visited 1 branch of the dungeon, and saw 4 of its levels.

You collected 177 gold pieces.

Inventory:

Hand Weapons
 d - a +0 short sword of protection
 q - a +0 dagger of draining (melded)
Armour
 a - a +0 robe (melded)
Jewellery
 r - a +6 ring of intelligence
Scrolls
 e - 3 scrolls of teleportation {unknown}
 g - a scroll of blinking {unknown}
 h - a scroll of identify {unknown}
 i - a scroll of vulnerability {unknown}
 j - a scroll of amnesia {unknown}
 l - a scroll of fog {unknown}
 m - a scroll of magic mapping {unknown}
 p - 2 scrolls of noise {unknown}
Potions
 b - a potion of lignification
 c - 3 potions of heal wounds
 f - a potion of magic {unknown}
 k - a potion of brilliance {unknown}
 n - a potion of attraction {unknown}
 o - a potion of degeneration {unknown}
 s - 3 potions of ambrosia {unknown}


   Skills:
 + Level 3.0 Fighting
 + Level 1.5 Short Blades
 + Level 1.5 Long Blades
 + Level 1.5 Axes
 + Level 1.5 Maces & Flails
 + Level 1.5 Polearms
 + Level 1.5 Staves
 + Level 1.5 Ranged Weapons
 + Level 1.5 Throwing
 + Level 1.5 Armour
 + Level 4.8 Dodging
 + Level 1.5 Stealth
 + Level 1.5 Shields
 + Level 6.7 Unarmed Combat
 + Level 5.2 Spellcasting
 + Level 1.2 Conjurations
 + Level 1.2 Hexes
 + Level 1.2 Summonings
 + Level 1.2 Necromancy
 + Level 1.2 Translocations
 + Level 4.0 Transmutations
 + Level 1.2 Fire Magic
 + Level 1.2 Ice Magic
 + Level 1.2 Air Magic
 + Level 1.2 Earth Magic
 + Level 1.2 Poison Magic
 + Level 1.7 Invocations
 + Level 1.5 Evocations


You had 8 spell levels left.
You knew the following spells:

 Your Spells              Type           Power      Damage    Failure   Level
a - Beastly Appendage     Tmut           28%        N/A       11%         1
b - Wereblood             Tmut           14%        N/A       14%         2
c - Spider Form           Tmut/Pois      10%        N/A       38%         3

Your spell library contained the following spells:

 Spells                   Type           Power      Damage    Failure   Level
 Passwall                 Tmut/Erth      8%         N/A       22%         2
 Ensorcelled Hibernation  Hex/Ice        14%        N/A       34%         2
 Confusing Touch          Hex            7%         N/A       52%         3
 Swiftness                Air            7%         N/A       52%         3
 Ice Form                 Ice/Tmut       10%        N/A       73%         4
 Yara's Violent Unravell  Hex/Tmut       5%         3d4       95%         5
 Enfeeble                 Hex            3%         N/A       100%        7


Dungeon Overview and Level Annotations

Branches:
Dungeon (3/15)

Altars:

Shops:
D:1 (


Innate Abilities, Weirdness & Mutations

You are a venomous arachnid creature.
You have poisonous fangs.
You are tiny and dextrous.
Your spellcasting is less reliable in this form.
Your armour is entirely melded.
You are incapable of wielding weapons or throwing items.
((You have very sharp teeth.))
Your uncanny sense of smell can sniff out nearby items.
Your experience applies equally to all skills.


Message History

Your +0 robe melds into your body.
You hit the yak but do no damage.
The yak is poisoned.
You bite the yak!
The yak looks as sick as possible!
The yak is lightly wounded.
A yak comes into view.
You hit the yak.
The yak looks as sick as possible!
The yak is moderately wounded.
The yak barely misses you. The yak gores you!
You completely miss the yak.
The yak is heavily wounded.
The yak misses you. The yak gores you! The yak attacks as you move away!
The yak completely misses you.
Your transformation is almost over.
You hit the yak but do no damage.
The yak looks as sick as possible!
The yak is heavily wounded.
The yak barely misses you. The yak gores you!
* * * LOW HITPOINT WARNING * * *
The yak attacks as you move away! The yak gores you.
* * * LOW HITPOINT WARNING * * *
The yak snorts and paws the ground.
A yak comes into view.
The yak bellows!
You hit the yak.
The yak is lightly wounded.
It was a potion of heal wounds.
You feel much better. The yak barely misses you.
You bite the yak!
The yak is poisoned.
The yak is moderately wounded.
A howler monkey comes into view.
The yak gores you! The yak closely misses you.
The howler monkey howls!
You bite the yak!
The yak is heavily wounded.
The yak barely misses you. The yak misses you.
You hit the yak.
The yak is poisoned.
The yak is lightly wounded.
You hit the yak.
The yak is moderately wounded.
The yak barely misses you. The yak gores you!
You die...

##### ##).s##
##...YY##
#[...YYY#
#.....Y[h...#
∆
#[......#...#
##.....##...#
##...## ?.#
##### ..# .#


You could see 6 yaks and a howler monkey.

Vanquished Creatures
  An orc wizard (D:2)
  2 adders
  4 gnolls (D:3)
  A worm (D:3)
  A dart slug (D:2)
  7 orcs
  5 ball pythons
  6 endoplasms
  3 giant cockroaches
  6 goblins
  5 hobgoblins
  4 jackals (D:1)
  2 bats
  A frilled lizard (D:1)
  6 kobolds
  3 rats
57 creatures vanquished.

Notes
Turn   | Place    | Note
-------+----------+-------------------------------------------
     0 | D:1      | themarg the Gnoll Transmuter began the quest for the Orb.
     0 | D:1      | Reached XP level 1. HP: 17/17 MP: 6/6
   172 | D:1      | Found Sow Bafa's Antique Weapon Shop.
   234 | D:1      | Reached XP level 2. HP: 23/23 MP: 5/7
   237 | D:1      | Learned a level 2 spell: Wereblood
   482 | D:1      | Found a faded altar of an unknown god.
   767 | D:2      | Reached skill level 5 in Spellcasting
   767 | D:2      | Reached XP level 3. HP: 28/28 MP: 5/9
   775 | D:2      | Reached skill level 1 in Short Blades
   775 | D:2      | Reached skill level 1 in Long Blades
   775 | D:2      | Reached skill level 1 in Axes
   775 | D:2      | Reached skill level 1 in Maces & Flails
   775 | D:2      | Reached skill level 1 in Polearms
   775 | D:2      | Reached skill level 1 in Staves
   775 | D:2      | Reached skill level 1 in Ranged Weapons
   775 | D:2      | Reached skill level 1 in Throwing
   775 | D:2      | Reached skill level 1 in Armour
   775 | D:2      | Reached skill level 1 in Stealth
   775 | D:2      | Reached skill level 1 in Shields
   775 | D:2      | Reached skill level 1 in Invocations
   775 | D:2      | Reached skill level 1 in Evocations
   830 | D:2      | Reached XP level 4. HP: 33/34 MP: 7/11
  1398 | D:2      | Reached skill level 1 in Conjurations
  1398 | D:2      | Reached skill level 1 in Hexes
  1398 | D:2      | Reached skill level 1 in Summonings
  1398 | D:2      | Reached skill level 1 in Necromancy
  1398 | D:2      | Reached skill level 1 in Translocations
  1398 | D:2      | Reached skill level 1 in Fire Magic
  1398 | D:2      | Reached skill level 1 in Ice Magic
  1398 | D:2      | Reached skill level 1 in Air Magic
  1398 | D:2      | Reached skill level 1 in Earth Magic
  1398 | D:2      | Reached skill level 1 in Poison Magic
  1918 | D:3      | Learned a level 3 spell: Spider Form
  2091 | D:3      | Reached XP level 5. HP: 13/40 MP: 9/12
  2359 | D:3      | You fall into a shaft and drop 3 floors!
  2380 | D:6      | Noticed a yak
  2380 | D:6      | Noticed a yak
  2380 | D:6      | Noticed a yak
  2380 | D:6      | Noticed a yak
  2383 | D:6      | Noticed a yak
  2388 | D:6      | Noticed a yak
  2394 | D:6      | Slain by a yak

Illustrated notes

Levels and vault maps discovered:
D:1:      saegor_arrival_fortress, layout_rooms,
          chequers_ecumenical_altar_simple_redux, serial_shops, shop
D:2:      layout_basic
D:3:      layout_basic, mainiacjoe_overflow_catwalk,
          chequers_serial_rivers_micro_c, wander_ebering_terrifying_dragon_lair
D:6:      minmay_opposing_rooms, layout_rooms, nicolae_overflow_crystal_walls,
          minmay_temple_entry_grid, nicolae_shop_fire_sale
          [nicolae_sub_dead_trees]

Skill      XL: |  1  2  3  4  5 |
---------------+----------------+-----
Spellcasting   | 5 |  5.2
Short Blades   | 1 |  1.5
Long Blades    | 1 |  1.5
Axes           | 1 |  1.5
Maces & Flails | 1 |  1.5
Polearms       | 1 |  1.5
Staves         | 1 |  1.5
Ranged Weapons | 1 |  1.5
Throwing       | 1 |  1.5
Armour         | 1 |  1.5
Stealth        | 1 |  1.5
Shields        | 1 |  1.5
Invocations    | 1 |  1.7
Evocations     | 1 |  1.5
Conjurations   | 1 |  1.2
Hexes          | 1 |  1.2
Summonings     | 1 |  1.2
Necromancy     | 1 |  1.2
Translocations | 1 |  1.2
Fire Magic     | 1 |  1.2
Ice Magic      | 1 |  1.2
Air Magic      | 1 |  1.2
Earth Magic    | 1 |  1.2
Poison Magic   | 1 |  1.2
Fighting       | 3 |  3.0
Transmutations | 4 |  4.0
Dodging        | |  4.8
Unarmed Combat | |  6.7

Action                   |  1- 3 |  4- 6 || total
-------------------------+-------+-------++-------
Melee: Short sword       |    91 |    93 ||   184
       Kick              |    21 |    19 ||    40
       Bite              |     7 |    10 ||    17
       Punch             |     3 |     4 ||     7
       Headbutt          |     8 |    11 ||    19
       Dagger            |       |     8 ||     8
       Unarmed           |       |    18 ||    18
 Cast: Beastly Appendage |    12 |    16 ||    28
       Wereblood         |     4 |     3 ||     7
       Spider Form       |       |     2 ||     2
  Use: Potion            |       |     1 ||     1
Armor: Robe              |    31 |    38 ||    69
Dodge: Dodged            |    54 |   101 ||   155
